 Dungeon Crawl Stone Soup version 0.20-a0-315-g8346a86 (webtiles) character file.

1431 dondy the Cleaver (level 8, 0/93 (96) HPs)
             Began as a Hill Orc Monk on Dec 20, 2016.
             Was a Believer of Beogh.
             Slain by a jackal (1 damage)
             ... on level 5 of the Dungeon.
             The game lasted 00:21:25 (6850 turns).

dondy the Cleaver (Hill Orc Monk)                   Turns: 6850, Time: 00:21:25

HP:   0/93 (96)     AC:  8    Str: 16    XL:     8   Next: 73%
MP:   8/8           EV:  2    Int: 10    God:    Beogh [**....]
Gold: 262           SH:  0    Dex: 13    Spells: 7/7 levels left

rFire  . . .     SeeInvis .     a - +0 hand axe
rCold  . . .     Gourm    .     (armour currently unavailable)
rNeg   + + +     Faith    .     (no shield)
rPois  +         Spirit   .     (helmet currently unavailable)
rElec  .         Reflect  .     (cloak currently unavailable)
rCorr  .         Harm     .     (gloves currently unavailable)
MR     +....     NoTele   +     (boots currently unavailable)
Stlth  ++........               (no amulet)
                                (no ring)
                                j - ring of protection from magic

@: tree-form, corroded
A: no striking features
a: Smiting, Renounce Religion


You were on level 5 of the Dungeon.
You worshipped Beogh.
Beogh was pleased with you.
You were not hungry.
You were a tree.
You visited 1 branch of the dungeon, and saw 6 of its levels.

You collected 262 gold pieces.

Inventory:

Hand Weapons
 a - a +0 hand axe (weapon)
Armour
 m - a +0 scale mail (melded)
 w - a +0 pair of gloves (melded)
 D - a +0 pair of boots (melded)
Jewellery
 j - a ring of protection from magic (left branch)
 q - an uncursed ring of ice
 F - an uncursed ring of fire {unknown}
Scrolls
 e - 2 scrolls of amnesia {unknown}
 f - a scroll of fear {unknown}
 g - a scroll of enchant weapon {unknown}
 o - a scroll of teleportation {unknown}
 r - 2 scrolls of blinking
 s - a scroll of fog {unknown}
 t - 2 scrolls of identify
 u - 2 scrolls of remove curse
 v - 2 scrolls of enchant armour {unknown}
 y - 2 scrolls of magic mapping {unknown}
 A - 2 scrolls of recharging {unknown}
 C - a scroll of random uselessness {unknown}
 E - a scroll of immolation {unknown}
Potions
 d - a potion of degeneration {unknown}
 h - a potion of agility {unknown}
 i - a potion of haste {unknown}
 l - a potion of flight
 n - 2 potions of brilliance
 p - a potion of mutation {unknown}
 z - a potion of curing {unknown}
 B - a potion of cancellation {unknown}
Books
 x - a book of Battle

   Spells                             Type                      Level
   a - Infusion                       Charms                       1
   b - Shroud of Golubria             Charms/Translocation         2
   c - Song of Slaying                Charms                       2
   d - Spectral Weapon                Hexes/Charms                 3
   e - Regeneration                   Charms/Necromancy            3
Comestibles
 c - 3 bread rations
 k - a meat ration


   Skills:
 - Level 3.6 Fighting
 * Level 12.0 Axes
 + Level 5.7 Armour
 - Level 2.4 Dodging
 - Level 1.5 Stealth


You had 7 spell levels left.
You didn't know any spells.

Dungeon Overview and Level Annotations

Branches:
Dungeon (6/15)             Temple (0/1) D:5

Altars:
Dithmenos
Elyvilon
Fedhas
Sif Muna
Uskayaw
Yredelemnul

Annotations:
D:4 bear's ghost, amateur DsIE


Message History

The jackal bites you.
* * * LOW HITPOINT WARNING * * *
There is an escape hatch in the ceiling here.
The jackal barely misses you. A mysterious force pulls you upwards.
The hatch slams shut behind you.
You closely miss the jackal. The jackal bites you.
* * * LOW HITPOINT WARNING * * *
You miss the jackal. The jackal bites you.
* * * LOW HITPOINT WARNING * * *
You hit the jackal but do no damage. The jackal barely misses you.
You hit the jackal but do no damage. The jackal bites you.
* * * LOW HITPOINT WARNING * * *
It was a potion of lignification.
You turn into a tree.
Your +0 pair of gloves melds into your body.
Your +0 pair of boots melds into your body.
Your +0 scale mail melds into your body.
Your roots penetrate the ground.
The jackal bites you but does no damage.
You barely miss the jackal. The jackal bites you.
You die...

# #...###..###.# #)# # #
#.#......# #.# ##.## # #
#.###.##.# #.#####.#.##### # #
#.# #.##.# #....>.###....# #
######.# #.##.# #######.#.###.#
# .......###.##.#
######.####.### ###........##.#
#............##
#....)...##.#####.####.........
#.............♣h#.# ######..##
#....(............# #...# #
#.........#.###.#.# #.#.# #
#.........#.###.#.# #.#.#
###.........#.#.....# #.#.#
.......###..#.#.###.# #.#.#
.......# #..#..># #.# #.#.#
########
#..###.###.#########.#.# # #..#
#.............#.#.#


You could see a jackal.

Vanquished Creatures
  Grinder (D:4)
  Sigmund (D:4)
  Menkaure (D:6)
  2 ice beasts (D:5)
  A necrophage (D:5)
  2 ogres (D:5)
  2 centaurs (D:6)
  A bullfrog (D:5)
  A crimson imp (D:5)
  A bullfrog zombie (D:6)
  2 hounds
  A bullfrog skeleton (D:5)
  2 iguanas
  5 adders
  An ooze (D:1)
  2 adder zombies
  2 worms
  A dart slug (D:1)
  2 leopard geckos
  9 orcs
  4 giant cockroaches
  9 hobgoblins
  15 jackals
  4 kobolds
  3 quokkas
  2 ball pythons
  11 bats
  3 frilled lizards
  3 goblins
  A quokka skeleton (D:5)
  8 rats
103 creatures vanquished.

Vanquished Creatures (others)
  2 orc priests (D:5)
  An orc wizard (D:5)
3 creatures vanquished.

Grand Total: 106 creatures vanquished

Notes
Turn   | Place    | Note
-------+----------+-------------------------------------------
     0 | D:1      | dondy the Hill Orc Monk began the quest for the Orb.
     0 | D:1      | Reached XP level 1. HP: 19/19 MP: 1/1
   129 | D:1      | Reached XP level 2. HP: 20/26 MP: 2/2
   279 | D:1      | Reached skill level 5 in Axes
   519 | D:1      | Reached XP level 3. HP: 24/31 MP: 3/3
   892 | D:2      | Reached skill level 6 in Axes
   901 | D:2      | Reached XP level 4. HP: 12/39 MP: 4/4
  1469 | D:2      | Found a deep blue altar of Sif Muna.
  1474 | D:2      | Found a white marble altar of Elyvilon.
  1476 | D:2      | Found a basalt altar of Yredelemnul.
  1476 | D:2      | Found a hide-covered altar of Uskayaw.
  2288 | D:4      | Reached skill level 7 in Axes
  2514 | D:4      | Noticed Sigmund
  2527 | D:4      | Killed Sigmund
  2527 | D:4      | Reached skill level 8 in Axes
  2527 | D:4      | Reached XP level 5. HP: 27/45 MP: 5/5
  2527 | D:4      | Reached XP level 6. HP: 31/51 MP: 6/6
  2932 | D:4      | Noticed Grinder
  3239 | D:4      | Paralysed by Grinder for 3 turns
  3508 | D:4      | Killed Grinder
  3508 | D:4      | Reached skill level 9 in Axes
  3508 | D:4      | Reached XP level 7. HP: 18/57 MP: 7/7
  3889 | D:4      | Noticed bear's ghost (amateur DsIE)
  4601 | D:5      | Entered Level 5 of the Dungeon
  4620 | D:5      | Became a worshipper of Beogh the Brigand
  4620 | D:5      | Reached * piety under Beogh
  4620 | D:5      | Reached ** piety under Beogh
  4908 | D:5      | Reached skill level 10 in Axes
  4977 | D:5      | Reached XP level 8. HP: 38/62 MP: 8/8
  5381 | D:5      | Found a staircase to the Ecumenical Temple.
  5461 | D:5      | Reached skill level 11 in Axes
  5717 | D:5      | Reached skill level 5 in Armour
  5787 | D:4      | Found a shadowy altar of Dithmenos.
  5788 | D:4      | Found a blossoming altar of Fedhas.
  6051 | D:6      | Noticed Menkaure
  6072 | D:6      | Killed Menkaure
  6510 | D:6      | Reached skill level 12 in Axes
  6848 | D:5      | HP: 1/62 [jackal (3)]
  6850 | D:5      | Slain by a jackal

Vault maps used:
D:1:      eino_arrival_druids_welcome
D:2:      minitemple, minmay_octomino_e4
D:3:      serial_forest, infiniplex_forest_lined_corner,
          infiniplex_forest_end_3, infiniplex_forest_lined_room_2,
          infiniplex_forest_clump_curved, infiniplex_forest_clump_tiny,
          infiniplex_forest_clump_tiny, infiniplex_forest_end_double
D:4:      gammafunk_temple_overflow_statue, first_bread, uniq_grinder,
          uniq_sigmund
D:6:      uniq_menkaure

Skill      XL: |  1  2  3  4  5  6  7  8 |
---------------+-------------------------+-----
Axes           | 5 6 8 9 10 12 | 12.0
Armour         | 2 3 4 5 |  5.7
Fighting       | |  3.6
Dodging        | |  2.4
Stealth        | |  1.5

Action                   |  1- 3 |  4- 6 |  7- 9 || total
-------------------------+-------+-------+-------++-------
Melee: Hand axe          |    97 |   159 |   318 ||   574
Invok: Smiting           |       |       |     3 ||     3
       Convert to Beogh  |       |       |     1 ||     1
  Use: Potion            |       |     2 |     2 ||     4
       Scroll            |       |       |     3 ||     3
 Stab: Sleeping          |     3 |       |       ||     3
  Eat: Chunk             |       |     5 |     4 ||     9
       Fruit             |       |     2 |     3 ||     5
       Pizza             |       |     1 |       ||     1
       Meat ration       |       |       |     1 ||     1
Armor: Robe              |     3 |       |       ||     3
       Scale mail        |    28 |    58 |    85 ||   171
       Skin              |       |       |     1 ||     1
Dodge: Dodged            |    76 |    52 |   118 ||   246
